 Dungeon Crawl Stone Soup version 0.31.0-11-ge490571c62 (webtiles) character file.

Game seed: 9490026951782201890

114 qw the Skirmisher (level 4, 0/25 HPs)
             Began as a Deep Elf Hunter on Feb 4, 2024.
             Killed by divine providence
             ... invoked by an orc priest
              (11 damage)
             ... on level 3 of the Dungeon.
             The game lasted 00:00:07 (1842 turns).

qw the Skirmisher (Deep Elf Hunter)                 Turns: 1842, Time: 00:00:08

Health: 0/25       AC: 11    Str: 10    XL:     4   Next: 67%
Magic:  6/6        EV: 11    Int: 14    God:
Gold:   151        SH:  0    Dex: 18    Spells: 3/3 levels left

rFire   . . .        a - +2 shortbow
rCold   . . .        (shield currently unavailable)
rNeg    . . .        g - +2 ring mail
rPois   .            (no helmet)
rElec   .            (no cloak)
rCorr   .            (no gloves)
SInv    .            (no boots)
Will    .....        (no amulet)
Stlth   +            f - +4 ring of protection
HPRegen 0.24/turn    (no ring)
MPRegen 0.10/turn

%: no passive effects
@: no status effects
A: no striking features
a: no special abilities


You were on level 3 of the Dungeon.
You visited 1 branch of the dungeon, and saw 3 of its levels.

You collected 151 gold pieces.


   Skills:
 - Level 1.5 Fighting
 + Level 8.1 Ranged Weapons
 - Level 2.4 Dodging
 - Level 1.2 Stealth


You had 3 spell levels left.
You didn't know any spells.
Your spell library was empty.

Inventory:

Hand Weapons
 a - a +2 shortbow (weapon)
Armour
 g - a +2 ring mail (worn)
Jewellery
 f - a +4 ring of protection (left hand)
Scrolls
 b - a scroll of teleportation
Potions
 e - 2 potions of haste
 h - 2 potions of curing
 i - a potion of mutation

Dungeon Overview and Level Annotations

Branches:
Dungeon (3/15)

Altars:
Dithmenos


Message History

1821 ||| READING scroll of enchant weapon.
1821 ||| ENCHANTING +1 shortbow.
Your +1 shortbow glows red for a moment.
Done exploring.
What level of the Dungeon? (default 3, ? - help)
The orc shouts!
You hear a shout! x2
You shoot an arrow. The arrow barely misses the orc.
You shoot an arrow. The orc shouts!
The arrow hits the orc.
The orc is severely wounded.
You shoot an arrow. The arrow hits the orc.
The orc is almost dead.
You shoot an arrow. The arrow hits the orc.
You kill the orc!
You shoot an arrow.
The arrow hits the orc priest but does no damage.
You shoot an arrow.
The arrow closely misses the orc priest. x2
The orc shouts!
The orc priest miscasts a cantrip.
You shoot an arrow. The arrow hits the orc priest!
The orc priest is heavily wounded.
The orc priest calls down the wrath of Beogh upon you.
Beogh smites you!
You shoot an arrow.
The arrow hits the orc priest but does no damage.
The orc priest is heavily wounded.
The orc closely misses you.
You shoot an arrow. The arrow hits the orc priest.
The orc priest is severely wounded.
The orc priest begins to cast a cantrip, but forgets the words!
The orc closely misses you.
You shoot an arrow. The arrow barely misses the orc priest.
The orc priest hits you with a +0 mace. The orc hits you but does no damage.
You shoot an arrow.
The arrow completely misses the orc priest.
The orc priest calls down the wrath of Beogh upon you.
Beogh smites you!
You die...

#........#..........##.>..#.....
##########............>.#.......
######.##.#..###.#####.
##..)..........# #. #####
###..............####.
#...###.......).............
#.#.........................
#.####.....oo.............#.
#..........@oo.........##...
########....##.........####.
#...........######## ##
#....#####..## # ###.##
#...######## #.# ###........####
#.# #.######..... #.#
##............
######.#######..##########.


You could see 2 orc priests and 2 orcs.

Vanquished Creatures
  5 adders
  4 dart slugs
  2 ribbon worms
  An orc (D:3)
  4 ball pythons
  A bat (D:1)
  3 endoplasms
  3 giant cockroaches
  2 goblins
  8 hobgoblins
  4 jackals (D:1)
  4 quokkas
  3 frilled lizards
  8 kobolds
  A rat (D:1)
53 creatures vanquished.

Notes
Turn   | Place    | Note
-------+----------+-------------------------------------------
     0 | D:1      | qw the Deep Elf Hunter began the quest for the Orb.
     0 | D:1      | Reached XP level 1. HP: 12/12 MP: 3/3
     0 | D:1      | 0 ||| qw: Version: 0.3-a-160-g6735b56
     0 | D:1      | 0 ||| qw: Game counter: 5591
     0 | D:1      | 0 ||| qw: Melee chars always use a shield: true
     0 | D:1      | 0 ||| qw: God list: Okawaru
     0 | D:1      | 0 ||| qw: Allow faded altars: false
     0 | D:1      | 0 ||| qw: Do Orc after clearing Dungeon:15 true
     0 | D:1      | 0 ||| qw: Do second Lair branch before Depths: true
     0 | D:1      | 0 ||| qw: Lair rune preference: random
     0 | D:1      | 0 ||| qw: Goals: Normal
     0 | D:1      | 0 ||| PLANNING D:1-11
   139 | D:1      | Reached skill level 6 in Ranged Weapons
   139 | D:1      | Reached XP level 2. HP: 16/16 MP: 4/4
   548 | D:1      | 548 ||| UPGRADING to +0 ring mail.
   558 | D:1      | 558 ||| DROPPING +0 leather armour.
   559 | D:1      | 559 ||| READING scroll labelled KEATHR TATHE.
   559 | D:1      | 559 ||| ENCHANTING +0 ring mail.
   560 | D:1      | 560 ||| DROPPING scroll of butterflies.
   626 | D:2      | Reached XP level 3. HP: 17/20 MP: 5/5
   935 | D:2      | Reached skill level 7 in Ranged Weapons
  1004 | D:2      | 1004 ||| READING scroll of enchant armour.
  1004 | D:2      | 1004 ||| ENCHANTING +1 ring mail.
  1347 | D:2      | 1347 ||| UPGRADING to +4 ring of protection.
  1348 | D:2      | 1348 ||| READING 3 scrolls labelled EWOUFEONU.
  1351 | D:2      | 1351 ||| READING 3 scrolls labelled AVVAQOWK UFOTS.
  1351 | D:2      | 1351 ||| IDENTIFYING green potion
  1352 | D:2      | 1352 ||| READING 2 scrolls of identify.
  1352 | D:2      | 1352 ||| IDENTIFYING sedimented green potion
  1353 | D:2      | 1353 ||| READING scroll of identify.
  1353 | D:2      | 1353 ||| IDENTIFYING 2 brown potions
  1378 | D:3      | Reached XP level 4. HP: 23/25 MP: 6/6
  1488 | D:3      | HP: 6/25 [orc priest/+0 mace (4)]
  1489 | D:3      | 1489 ||| READING 2 scrolls of teleportation.
  1490 | D:3      | 1490 ||| DRINKING potion of heal wounds.
  1491 | D:3      | 1491 ||| RETREEEEATING.
  1619 | D:3      | Reached skill level 8 in Ranged Weapons
  1657 | D:3      | Found a shadowy altar of Dithmenos.
  1818 | D:3      | 1818 ||| READING scroll of identify.
  1818 | D:3      | 1818 ||| IDENTIFYING fizzy black potion
  1819 | D:3      | 1819 ||| READING scroll labelled JATEKH NAFAFFI.
  1820 | D:3      | 1820 ||| READING 2 scrolls labelled RIT ISSUOROXT.
  1820 | D:3      | 1820 ||| ENCHANTING +0 shortbow.
  1821 | D:3      | 1821 ||| READING scroll of enchant weapon.
  1821 | D:3      | 1821 ||| ENCHANTING +1 shortbow.
  1842 | D:3      | Killed from afar by an orc priest

Levels and vault maps discovered:
D:1:      lightli_arrival_lavapool, layout_basic, minmay_misc_feat_tower
D:2:      layout_loops_corners
D:3:      layout_rooms, grunt_dithmenos_smoke

Skill      XL: |  1  2  3  4 |
---------------+-------------+-----
Ranged Weapons | 6 7 8 |  8.1
Fighting       | |  1.5
Dodging        | |  2.4
Stealth        | |  1.2

Action                     |  1- 3 |  4- 6 || total
---------------------------+-------+-------++-------
   Fire: Shortbow          |   115 |    75 ||   190
    Use: Scroll            |     6 |     5 ||    11
         Potion            |       |     1 ||     1
 Armour: Leather armour    |    13 |       ||    13
         Ring mail         |    13 |    17 ||    30
  Dodge: Dodged            |    17 |    23 ||    40

Table legend:
 A = Non-vault XP
 B = Vault XP
 C = Vault XP percentage of total XP
 D = Non-vault monster count
 E = Vault monster count
 F = Vault count percentage of total count
                 A         B        C        D         E       F
            +---------+---------+-------+---------+---------+-------
      Total |     164 |       0 |   0.0 |      53 |       0 |   0.0
            +---------+---------+-------+---------+---------+-------
        D:1 |      38 |       0 |   0.0 |      20 |       0 |   0.0
        D:2 |      53 |       0 |   0.0 |      15 |       0 |   0.0
        D:3 |      73 |       0 |   0.0 |      18 |       0 |   0.0
            +---------+---------+-------+---------+---------+-------
